 Dungeon Crawl Stone Soup version 0.30.0-15-g856e2d3f33 (webtiles) character file.

Game seed: 3163248098711790417

248 bmack86 the Chopper (level 5, -1/47 HPs)
             Began as a Minotaur Fighter on May 18, 2023.
             Was an Initiate of Okawaru.
             Slain by Crazy Yiuf
             ... wielding a +4 quarterstaff of chaos
              (15 damage)
             ... while paralysed by Crazy Yiuf
             ... on level 3 of the Dungeon.
             The game lasted 00:08:10 (1872 turns).

bmack86 the Chopper (Minotaur Fighter)              Turns: 1872, Time: 00:08:10

Health: -1/47      AC:  7    Str: 22    XL:     5   Next: 86%
Magic:  4/4        EV:  2    Int:  5    God:    Okawaru [......]
Gold:   175        SH:  0    Dex: 10    Spells: 4/4 levels left

rFire   . . .        u - +2 war axe (freeze)
rCold   . . .        c - +0 buckler
rNeg    . . .        b - +0 scale mail
rPois   .            (helmet restricted)
rElec   .            (no cloak)
rCorr   .            (no gloves)
SInv    .            (no boots)
Will    .....        (no amulet) Stlth
                     (no ring)
HPRegen 0.27/turn    (no ring)
MPRegen 0.09/turn

%: no passive effects
@: paralysed
A: horns 2, retaliatory headbutt
a: Renounce Religion


You were on level 3 of the Dungeon.
You worshipped Okawaru.
Okawaru was noncommittal.
You visited 1 branch of the dungeon, and saw 4 of its levels.

You collected 175 gold pieces.

Inventory:

Hand Weapons
 a - a +0 war axe
 u - a +2 war axe of freezing (weapon)
Missiles
 i - 10 poisoned darts (quivered)
Armour
 b - a +0 scale mail (worn)
 c - a +0 buckler (worn)
Scrolls
 f - 2 scrolls of enchant weapon
 g - a scroll of noise
 j - a scroll of blinking {unknown}
 k - a scroll of magic mapping {unknown}
 l - a scroll of amnesia {unknown}
 m - a scroll of poison {unknown}
 o - 2 scrolls of teleportation {unknown}
 p - a scroll of fear {unknown}
 v - a scroll of enchant armour {unknown}
Potions
 d - a potion of might
 e - a potion of curing
 h - 2 potions of mutation
 n - a potion of berserk rage
 q - 2 potions of lignification
 r - a potion of resistance {unknown}
 s - a potion of attraction {unknown}


   Skills:
 + Level 4.6 Fighting
 * Level 4.8 Axes
 + Level 1.6 Throwing
 + Level 4.6 Armour
 + Level 4.7 Shields
 + Level 0.0 Invocations


You had 4 spell levels left.
You didn't know any spells.
Your spell library contained the following spells:

 Spells                   Type           Power      Damage    Failure   Level
 Gell's Gravitas          Tloc           0%         N/A       99%         3
 Teleport Other           Tloc           0%         N/A       99%         3
 Vhi's Electric Charge    Tloc/Air       0%         N/A       99%         3
 Arcjolt                  Conj/Air       0%         1d10      100%        5
 Dispersal                Tloc           0%         N/A       100%        6
 Plasma Beam              Fire/Air       0%         2x1d11    100%        6


Dungeon Overview and Level Annotations

Branches:
Dungeon (4/15)
 Temple: D:4-7

Altars:
Gozag
Okawaru

Annotations:
D:3 Crazy Yiuf


Innate Abilities, Weirdness & Mutations

You have a pair of horns on your head.
You reflexively headbutt those who attack you in melee.


Message History

You kill the kobold!
Okawaru accepts your kill.
You see here a +2 war axe of freezing.
Okay, then.
Your +2 war axe of freezing glows with a cold blue light!
u - a +2 war axe of freezing (weapon)
v - a scroll labelled HAEWKINUKHOI You now have 175 gold pieces (gained 7).
You see here a +0 dagger.
Things that are here:
3 stones; a +0 club
Found a leather armour.
o - 2 scrolls labelled ILEOWI GITI (gained 1)
You see here a +0 leather armour.
There is an escape hatch in the floor here.
There is a stone staircase leading up here.
Found a runed translucent door.
As you read the scroll of identify, it crumbles to dust.
e - a potion of curing Crazy Yiuf shouts!
Crazy Yiuf says, "Crazy?
Crazy!?
PORCUPINE!"
Crazy Yiuf says, "Rifle!
Cards senile stair."
Okay, then.
You open the door. You hit Crazy Yiuf. You freeze Crazy Yiuf.
Crazy Yiuf is moderately wounded.
Crazy Yiuf says, "Shower bag song!"
Crazy Yiuf hits you with a +4 quarterstaff of chaos!
You suddenly lose the ability to move!
Crazy Yiuf hits you with a +4 quarterstaff of chaos!
Crazy Yiuf burns you.
Crazy Yiuf hits you with a +4 quarterstaff of chaos.
Crazy Yiuf burns you.
Crazy Yiuf says, "East spinner cower!"
Crazy Yiuf hits you with a +4 quarterstaff of chaos.
Crazy Yiuf burns you.
* * * LOW HITPOINT WARNING * * *
Crazy Yiuf whimpers, "Flower!"
Crazy Yiuf hits you with a +4 quarterstaff of chaos!
You die...

#...####+..+#
#.### #....#
########.#
♣....♣
.........#
♣♣...♣
###.###### ♣♣.♣♣
###.# ♣♣.♣
....##### ♣.♣♣
###.....# ♣♣.♣
###.###.# ♣@♣♣
#...## .#..# #g#
#....##.#..# ...
..._.......#
#...#
##....##...#
#)..#
###÷..##...#
#####
###.####..<#
....####...#
###......#######


You could see Crazy Yiuf.

Vanquished Creatures
  2 scorpions
  3 gnolls
  4 adders
  A worm (D:2)
  2 dart slugs
  3 ball pythons
  3 bats
  4 endoplasms
  A giant cockroach (D:3)
  6 goblins
  6 hobgoblins
  4 jackals (D:1)
  6 kobolds
  A quokka (D:1)
  12 frilled lizards
  8 rats
66 creatures vanquished.

Notes
Turn   | Place    | Note
-------+----------+-------------------------------------------
     0 | D:1      | bmack86 the Minotaur Fighter began the quest for the Orb.
     0 | D:1      | Reached XP level 1. HP: 19/19 MP: 0/0
   108 | D:1      | Reached XP level 2. HP: 27/27 MP: 1/1
   513 | D:1      | Reached XP level 3. HP: 30/33 MP: 2/2
   732 | D:2      | Noticed a scorpion
   736 | D:2      | Killed a scorpion
   737 | D:2      | Reached skill level 1 in Throwing
   737 | D:2      | Reached XP level 4. HP: 40/40 MP: 3/3
   834 | D:2      | You fall into a shaft and drop 2 floors!
   859 | D:4      | Noticed a scorpion
   867 | D:4      | Killed a scorpion
   868 | D:4      | Reached XP level 5. HP: 42/47 MP: 4/4
  1466 | D:3      | Found an opulent altar of Gozag.
  1534 | D:3      | Found an iron altar of Okawaru.
  1557 | D:3      | Became a worshipper of Warmaster Okawaru
  1863 | D:3      | Found a runed translucent door.
  1865 | D:3      | Noticed Crazy Yiuf
  1869 | D:3      | Paralysed by Crazy Yiuf for 5 turns
  1872 | D:3      | Slain by Crazy Yiuf

Illustrated notes

Levels and vault maps discovered:
D:1:      lightli_arrival_boilingwater, layout_loops_ring
D:2:      layout_rooms
D:3:      layout_rooms, okawaru_gym_becter, nicolae_overflow_crystal_walls,
          serial_forest, infiniplex_forest_clump_medium,
          infiniplex_forest_lined_2, infiniplex_forest_clump_small,
          infiniplex_forest_lined_2, infiniplex_forest_corner_1,
          infiniplex_forest_clump_small, infiniplex_forest_clump_C,
          minmay_lizard_king, uniq_crazy_yiuf_cottage
D:4:      layout_basic, minmay_temple_entry_from_below_a,
          minmay_misc_feat_enclosed

Skill      XL: |  1  2  3 |
---------------+----------+-----
Axes           | 3 4 |  4.8
Shields        | 4 |  4.7
Fighting       | 4 |  4.6
Armour         | 4 |  4.6
Throwing       | 1 |  1.6

Action                     |  1- 3 |  4- 6 || total
---------------------------+-------+-------++-------
  Melee: War axe           |    47 |    66 ||   113
         Headbutt          |     7 |    10 ||    17
    Use: Scroll            |     3 |     3 ||     6
 Armour: Scale mail        |    20 |    33 ||    53
  Dodge: Dodged            |    20 |    32 ||    52
  Block: Buckler           |     7 |    11 ||    18
